 Dungeon Crawl Stone Soup version 0.29-a0-668-g12ee2bf84d (webtiles) character file.

Game seed: 4463277246074076057

203 DocClef the Shield-Bearer (level 5, -3/47 HPs)
             Began as a Gnoll Fighter on June 23, 2022.
             Slain by a gnoll
             ... wielding a +0 halberd
              (8 damage)
             ... on level 4 of the Dungeon.
             The game lasted 00:03:11 (3577 turns).

DocClef the Shield-Bearer (Gnoll Fighter)           Turns: 3577, Time: 00:03:11

Health: -3/47      AC:  9    Str: 19    XL:     5   Next: 81%
Magic:  7/7        EV: 10    Int: 12    God:
Gold:   175        SH:  0    Dex: 17    Spells: 7/7 levels left

rFire   . . .      SeeInvis .   m - +6 quarterstaff "Mughawuj" {holy, Fragile Fly Int+4}
rCold   . . .      Faith    .   (shield currently unavailable)
rNeg    . . .      Spirit   .   b - +0 scale mail
rPois   +          Reflect  .   x - +0 helmet
rElec   .          Harm     .   (no cloak)
rCorr   .          Rampage  .   (no gloves)
Will    .....                   (no boots)
Stlth   +.........              (no amulet)
HPRegen 0.15/turn               v - +6 ring of dexterity
MPRegen 0.10/turn               y - ring of the Peasants {rPois Str+2}

@: flying
A: fangs 1, strong nose, distributed training
a: no special abilities


You were on level 4 of the Dungeon.
You visited 1 branch of the dungeon, and saw 4 of its levels.

You collected 175 gold pieces.

Inventory:

Hand Weapons
 a - a +1 flail
 m - the +6 quarterstaff "Mughawuj" (weapon) {holy, Fragile Fly Int+4}
   (You found it on level 2 of the Dungeon)

   It has been blessed by the Shining One to cause great damage to the undead
   and demons.
   Int:       It affects your intelligence (+4).
   Fly:       It grants you flight.
   Fragile:   It will be destroyed if unequipped.
Missiles
 j - an atropa-tipped dart (quivered)
Armour
 b - a +0 scale mail (worn)
 c - a +0 buckler
 x - a +0 helmet (worn)
Jewellery
 v - a +6 ring of dexterity (left hand)
 y - the ring of the Peasants (right hand) {rPois Str+2}
   (You found it on level 3 of the Dungeon)

   [ring of poison resistance]

   Str:       It affects your strength (+2).
   rPois:     It protects you from poison.
Wands
 w - a wand of iceblast (8)
Scrolls
 f - a scroll of teleportation
 q - 3 scrolls of amnesia
Potions
 d - a potion of might
 e - 4 potions of brilliance
 g - a potion of lignification
 h - a potion of heal wounds {unknown}
 k - 2 potions of curing {unknown}
 l - a potion of flight
 u - a potion of mutation
 z - a potion of attraction {unknown}


   Skills:
 + Level 6.7 Fighting
 + Level 1.6 Short Blades
 + Level 1.6 Long Blades
 + Level 1.6 Axes
 + Level 4.8 Maces & Flails
 + Level 1.6 Polearms
 + Level 1.6 Staves
 + Level 1.6 Slings
 + Level 1.6 Bows
 + Level 1.6 Crossbows
 + Level 1.6 Throwing
 + Level 6.7 Armour
 + Level 1.6 Dodging
 + Level 1.6 Stealth
 + Level 6.7 Shields
 + Level 1.6 Unarmed Combat
 + Level 1.6 Spellcasting
 + Level 1.3 Conjurations
 + Level 1.3 Hexes
 + Level 1.3 Summonings
 + Level 1.3 Necromancy
 + Level 1.3 Translocations
 + Level 1.3 Transmutations
 + Level 1.3 Fire Magic
 + Level 1.3 Ice Magic
 + Level 1.3 Air Magic
 + Level 1.3 Earth Magic
 + Level 1.3 Poison Magic
 + Level 1.8 Invocations
 + Level 1.6 Evocations


You had 7 spell levels left.
You didn't know any spells.
Your spell library contained the following spells:

 Spells                   Type           Power      Damage    Failure   Level
 Beastly Appendage        Tmut           8%         N/A       41%         1
 Wereblood                Tmut           4%         N/A       56%         2
 Spider Form              Tmut/Pois      4%         N/A       80%         3


Dungeon Overview and Level Annotations

Branches:
Dungeon (4/15)
 Temple: D:4-7

Altars:
Xom


Innate Abilities, Weirdness & Mutations

You have very sharp teeth.
Your uncanny sense of smell can sniff out nearby items.
Your experience applies equally to all skills.


Message History

The gnoll attacks as you move away! The gnoll hits you but does no damage.
You feel very sick. The gnoll barely misses you.
The giant cockroach barely misses you.
The giant cockroach attacks as you move away!
The giant cockroach barely misses you.
You feel very sick.
The giant cockroach attacks as you move away!
The giant cockroach barely misses you.
You feel sick. The scorpion attacks as you move away!
The scorpion barely misses you.
You feel sick.
You feel sick. The scorpion closely misses you.
You sock the scorpion!
You kill the scorpion!
You feel sick. The giant cockroach bites you.
You closely miss the giant cockroach.
You feel sick.
The giant cockroach bites you but does no damage.
The gnoll misses you. The giant cockroach bites you.
You thump the giant cockroach!
You kill the giant cockroach!
You feel sick.
You are no longer poisoned.
The gnoll barely misses you. The gnoll barely misses you.
The gnoll hits you from afar with a +0 halberd.
The gnoll hits you with a +0 club!
* * * LOW HITPOINT WARNING * * *
Things that are here:
a giant cockroach corpse; a scorpion corpse You thump the gnoll!
You kill the gnoll!
The gnoll misses you.
The gnoll hits you from afar with a +0 halberd.
* * * LOW HITPOINT WARNING * * *
The gnoll barely misses you. x2
Things that are here:
a +0 club; a gnoll corpse You sock the gnoll!
The gnoll is almost dead.
The gnoll closely misses you. The gnoll hits you with a +0 halberd!
You die...

#.........
#........ #
#.......∆.# # .....
..### #.##..#......
#####.#...gg#
#........####
#....##g##########
.......g@†........
..#####.#######.##
#.# ##.# # ####..#
.#
..##....#######.#
................#
.##.#######.....###
...................


You could see 2 gnolls.

Vanquished Creatures
  A scorpion (D:4)
  Ijyb (D:3)
  3 adders
  A gnoll (D:4)
  2 worms
  3 dart slugs (D:1)
  2 ball pythons
  6 bats
  7 endoplasms
  3 giant cockroaches
  6 hobgoblins
  5 jackals
  A quokka (D:1)
  3 frilled lizards
  13 goblins
  6 kobolds
  2 rats
65 creatures vanquished.

Vanquished Creatures (others)
  10 plants (D:1)
10 creatures vanquished.

Grand Total: 75 creatures vanquished

Notes
Turn   | Place    | Note
-------+----------+-------------------------------------------
     0 | D:1      | DocClef the Gnoll Fighter began the quest for the Orb.
     0 | D:1      | Reached XP level 1. HP: 23/23 MP: 1/1
   318 | D:1      | Reached XP level 2. HP: 24/29 MP: 2/2
   627 | D:1      | Reached XP level 3. HP: 35/35 MP: 3/3
  1050 | D:1      | Found a faded altar of an unknown god.
  1228 | D:2      | Reached skill level 1 in Invocations
  1313 | D:2      | Reached skill level 1 in Short Blades
  1313 | D:2      | Reached skill level 1 in Long Blades
  1313 | D:2      | Reached skill level 1 in Axes
  1313 | D:2      | Reached skill level 1 in Polearms
  1313 | D:2      | Reached skill level 1 in Staves
  1313 | D:2      | Reached skill level 1 in Slings
  1313 | D:2      | Reached skill level 1 in Bows
  1313 | D:2      | Reached skill level 1 in Crossbows
  1313 | D:2      | Reached skill level 1 in Throwing
  1313 | D:2      | Reached skill level 1 in Dodging
  1313 | D:2      | Reached skill level 1 in Stealth
  1313 | D:2      | Reached skill level 1 in Unarmed Combat
  1313 | D:2      | Reached skill level 1 in Spellcasting
  1313 | D:2      | Reached skill level 1 in Evocations
  1611 | D:2      | Identified the +6 quarterstaff "Mughawuj" {holy, Fragile
                  | Fly Int+4}
  1771 | D:2      | Reached XP level 4. HP: 41/41 MP: 5/5
  1777 | D:2      | Found Lixkocw's Armour Shoppe.
  2155 | D:3      | Found a shimmering altar of Xom.
  2156 | D:3      | Found a shimmering altar of Xom.
  2157 | D:3      | Found a shimmering altar of Xom.
  2240 | D:3      | Noticed Ijyb
  2269 | D:3      | Killed Ijyb
  2270 | D:3      | Reached skill level 1 in Conjurations
  2270 | D:3      | Reached skill level 1 in Hexes
  2270 | D:3      | Reached skill level 1 in Summonings
  2270 | D:3      | Reached skill level 1 in Necromancy
  2270 | D:3      | Reached skill level 1 in Translocations
  2270 | D:3      | Reached skill level 1 in Transmutations
  2270 | D:3      | Reached skill level 1 in Fire Magic
  2270 | D:3      | Reached skill level 1 in Ice Magic
  2270 | D:3      | Reached skill level 1 in Air Magic
  2270 | D:3      | Reached skill level 1 in Earth Magic
  2270 | D:3      | Reached skill level 1 in Poison Magic
  2589 | D:3      | Reached XP level 5. HP: 47/47 MP: 6/6
  3245 | D:3      | Identified the ring of the Peasants {rPois Str+2}
  3577 | D:4      | Slain by a gnoll

Illustrated notes

Levels and vault maps discovered:
D:1:      lemuel_arrival_lava_pool, layout_loops_corners,
          dilly_ecumenical_altar_fadedgnrine
D:2:      layout_basic, serial_shops, nicolae_shop_trees
D:3:      kennysheep_goblin_castle, layout_loops_cross, xom_redecorated,
          kennysheep_pointless_box
D:4:      layout_rooms, minmay_temple_entry_wispy

Skill      XL: |  1  2  3  4 |
---------------+-------------+-----
Invocations    | 1 |  1.8
Short Blades   | 1 |  1.6
Long Blades    | 1 |  1.6
Axes           | 1 |  1.6
Polearms       | 1 |  1.6
Staves         | 1 |  1.6
Slings         | 1 |  1.6
Bows           | 1 |  1.6
Crossbows      | 1 |  1.6
Throwing       | 1 |  1.6
Dodging        | 1 |  1.6
Stealth        | 1 |  1.6
Unarmed Combat | 1 |  1.6
Spellcasting   | 1 |  1.6
Evocations     | 1 |  1.6
Conjurations   | 1 |  1.3
Hexes          | 1 |  1.3
Summonings     | 1 |  1.3
Necromancy     | 1 |  1.3
Translocations | 1 |  1.3
Transmutations | 1 |  1.3
Fire Magic     | 1 |  1.3
Ice Magic      | 1 |  1.3
Air Magic      | 1 |  1.3
Earth Magic    | 1 |  1.3
Poison Magic   | 1 |  1.3
Fighting       | |  6.7
Maces & Flails | |  4.8
Armour         | |  6.7
Shields        | |  6.7

Action                   |  1- 3 |  4- 6 || total
-------------------------+-------+-------++-------
Melee: Flail             |    92 |       ||    92
       Bite              |     5 |     5 ||    10
       Quarterstaff      |     2 |    68 ||    70
Throw: Dart              |     2 |       ||     2
  Use: Scroll            |       |    13 ||    13
Armor: Scale mail        |    38 |    51 ||    89
Dodge: Dodged            |    36 |    58 ||    94
Block: Buckler           |    19 |       ||    19

Table legend: (Time is in decaauts)
 A = Elapsed time spent in this place.
 B = Non-inter-level travel time spent in this place.
 C = Inter-level travel time spent in this place.
 D = Time resting spent in this place.
 E = Time spent auto-exploring this place.
 F = Levels seen in this place.
 G = Mean time per level.
                   A        B        C        D        E       F      G
               +--------+--------+--------+--------+--------+-----+--------+
         Total |   3610 |   3403 |    207 |      0 |   2902 |   4 |  902.5 |
       Dungeon |   3610 |   3403 |    207 |      0 |   2902 |   4 |  902.5 |
               +--------+--------+--------+--------+--------+-----+--------+

Top non-repeatable levels by time:
     D:3: 1502 daAuts
     D:1: 1243 daAuts
     D:2: 764 daAuts
     D:4: 101 daAuts
